 Dungeon Crawl Stone Soup version 0.28-a0-1182-g381e24db82 (webtiles) character file.

Game seed: 15753461990683425158

6674 BlueGoblin the Basher (level 10, -12/102 HPs)
             Began as a Troll Fighter on Dec 17, 2021.
             Was the Champion of Jiyva.
             Killed from afar by an electric eel (17 damage)
             ... with a bolt of electricity
             ... on level 1 of the Lair of Beasts.
             The game lasted 00:07:59 (5796 turns).

BlueGoblin the Basher (Troll Fighter)               Turns: 5796, Time: 00:08:00

Health: -12/102    AC:  6    Str: 34    XL:     10   Next: 73%
Magic:  9/9        EV: 10    Int:  4    God:    Jiyva [******]
Gold:   176        SH:  9    Dex: 11    Spells: 9/9 levels left

rFire   . . .      SeeInvis .   a - +0 flail
rCold   . . .      Faith    .   c - +0 kite shield
rNeg    . . .      Spirit   .   w - +2 robe {Will+}
rPois   .          Reflect  .   (helmet restricted)
rElec   .          Harm     .   (no cloak)
rCorr   +          Rampage  .   (gloves unavailable)
Will    +....                   (boots unavailable)
Stlth   +.........              f - amulet of the acrobat
HPRegen 2.67/turn               g - ring of resist corrosion
MPRegen 0.61/turn               (no ring)

@: no status effects
A: large, unfitting armour, claws 3, regeneration 1, shaggy fur 1, tough skin 1,
agile 1, strong 2, tendrils, sturdy frame 2, engulf
a: Renounce Religion, Oozemancy, Slimify


You were on level 1 of the Lair of Beasts.
You worshipped Jiyva.
Jiyva was exalted by your worship.
You visited 2 branches of the dungeon, and saw 9 of its levels.

You collected 261 gold pieces.
You spent 85 gold pieces at shops.

Inventory:

Hand Weapons
 a - a +0 flail (weapon)
Armour
 b - a +0 robe
 c - a +0 kite shield (worn)
 w - a +2 robe of willpower (worn)
Jewellery
 f - an amulet of the acrobat (around neck)
 g - a ring of resist corrosion (left claw)
Wands
 n - a wand of paralysis (7)
 v - a wand of polymorph (5)
Scrolls
 e - 2 scrolls of teleportation {unknown}
 i - 7 scrolls of identify {unknown}
 j - a scroll of holy word {unknown}
 s - a scroll of noise {unknown}
 u - a scroll of vulnerability {unknown}
 x - a scroll of blinking {unknown}
 y - a scroll of magic mapping {unknown}
 z - a scroll of fear {unknown}
Potions
 d - a potion of might
 h - a potion of magic
 k - a potion of mutation {unknown}
 l - a potion of haste {unknown}
 m - a potion of lignification {unknown}
 o - a potion of invisibility {unknown}
 p - a potion of experience {unknown}
 q - a potion of heal wounds {unknown}
 r - a potion of curing {unknown}
 t - a potion of degeneration {unknown}


   Skills:
 * Level 7.1 Fighting
 + Level 10.0 Maces & Flails
 + Level 6.5 Dodging
 + Level 6.1 Shields


You had 9 spell levels left.
You didn't know any spells.
Your spell library contained the following spells:

 Spells                   Type           Power      Damage    Failure   Level
 Animate Skeleton         Necr           0%         N/A       71%         1
 Apportation              Tloc           0%         N/A       71%         1
 Slow                     Hex            0%         N/A       71%         1
 Summon Small Mammal      Summ           0%         N/A       71%         1
 Confusing Touch          Hex            0%         N/A       97%         3
 Dazzling Flash           Conj/Hex       0%         N/A       97%         3
 Vampiric Draining        Necr           0%         2d6       97%         3
 Agony                    Necr           0%         N/A       100%        5
 Silence                  Hex/Air        0%         N/A       100%        5


Dungeon Overview and Level Annotations

Branches:
Dungeon (8/15)             Temple (0/1) D:7            Lair (1/6) D:8

Altars:
Trog
Jiyva

Shops:
D:1 [   D:6 :   D:8 [


Innate Abilities, Weirdness & Mutations

You are too large for most types of armour.
You have claws for hands.
Your natural rate of healing is unusually fast.
You are covered in fur. (AC +1)
You have tough skin. (AC +1)
You are agile. (Dex +2)
Your muscles are very strong. (Str +4)
You are covered in slimy tendrils that may disarm your opponents.
Your movements are less encumbered by armour. (ER -4)
Your melee attacks may engulf your foes in ooze.


Message History

You miss the electric eel.
The electric eel is moderately wounded.
The electric eel shoots out a bolt of lightning at you!
The bolt of electricity hits you.
The electric eel shoots out a bolt of lightning at you!
The bolt of electricity hits the electric eel.
The electric eel completely resists.
The bolt of electricity hits you.
The electric eel shoots out a bolt of lightning at you!
The bolt of electricity hits you.
The electric eel shoots out a bolt of lightning at you!
The bolt of electricity hits the electric eel.
The electric eel completely resists.
The bolt of electricity misses you.
The electric eel shoots out a bolt of lightning at you!
The bolt of electricity hits the electric eel.
The electric eel completely resists.
The bolt of electricity hits you!
The electric eel shoots out a bolt of lightning at you!
The bolt of electricity hits you!
The electric eel shoots out a bolt of lightning at you!
The bolt of electricity hits the electric eel.
The electric eel completely resists.
The bolt of electricity misses you.
The electric eel shoots out a bolt of lightning at you!
The bolt of electricity hits the electric eel.
The electric eel completely resists.
The bolt of electricity hits the electric eel.
The electric eel completely resists.
The bolt of electricity hits you!
* * * LOW HITPOINT WARNING * * *
The electric eel shoots out a bolt of lightning at you!
The bolt of electricity hits you.
* * * LOW HITPOINT WARNING * * *
The electric eel shoots out a bolt of lightning at you!
The bolt of electricity hits you!
* * * LOW HITPOINT WARNING * * *
It was a potion of magic.
Magic courses through your body.
The electric eel shoots out a bolt of lightning at you!
The bolt of electricity hits the electric eel.
The electric eel completely resists.
The bolt of electricity hits you!
* * * LOW HITPOINT WARNING * * *
The electric eel shoots out a bolt of lightning at you!
The bolt of electricity hits you!
You die...

#............†##
###.............# ########
...............## ≈≈S≈≈≈≈#
#............# S..≈≈≈≈≈
######.#..........## ≈......≈
##≈≈≈≈# ##†.P####...#
...°..§.≈≈#≈≈...####†### ##†##
§≈.≈≈≈.≈≈≈S≈SS....##.# #†#
§§≈≈≈.....≈S....@....# #†##
.≈≈#§≈§.........##.#.# ##..#
≈≈## §§§≈....≈≈≈####..# #..##
### ≈§§....≈≈## #.## ##.#
≈≈≈≈≈≈≈## #.# #.# ## #######
##.# ###.##
.#######..#.######.#.#####.#.P#
.............................##
...............##.P##.#+###..#


You could see 4 electric eels.

Vanquished Creatures
  Pikel (D:7)
  Joseph (D:8)
  A polar bear (Lair:1)
  4 blink frogs (Lair:1)
  A wyvern (D:8)
  15 yaks
  A fire elemental (Lair:1)
  3 water moccasins
  2 black bears
  An ice beast (D:8)
  4 sky beasts
  An orc warrior (D:7)
  2 necrophages
  3 centaurs
  3 ogres
  2 lemures (D:7)
  2 bullfrogs
  A scorpion (D:6)
  3 wights (D:8)
  A lava snake (Lair:1)
  2 centaur zombies
  An orc priest (D:3)
  A bullfrog skeleton (D:5)
  2 iguanas
  2 orc wizards
  A gnoll (D:3)
  3 adders
  2 white imps
  A worm (D:4)
  3 dart slugs
  9 orcs
  7 ball pythons
  6 bats
  2 endoplasms (D:1)
  2 giant cockroaches
  9 goblins
  7 hobgoblins
  6 quokkas
  2 frilled lizards (D:1)
  6 kobolds
  4 rats
130 creatures vanquished.

Vanquished Creatures (collateral kills)
  A komodo dragon (Lair:1)
  A water moccasin (Lair:1)
2 creatures vanquished.

Vanquished Creatures (others)
  A basilisk (Lair:1)
  2 black bears
  A kobold brigand (D:7)
  2 bullfrogs (Lair:1)
  14 jellies
  A centaur zombie (D:7)
  An orc priest (D:3)
  Robin (D:3)
  2 gnolls (D:3)
  2 dart slugs
  2 worms
  12 orcs
  2 ball pythons
  A bat (D:3)
  4 endoplasms (D:4)
  5 goblins
  A hobgoblin (D:3)
  A quokka (D:3)
  A frilled lizard (D:3)
  4 kobolds
  A rat (D:3)
  4 fungi (Lair:1)
  10 plants
75 creatures vanquished.

Grand Total: 207 creatures vanquished

Notes
Turn   | Place    | Note
-------+----------+-------------------------------------------
     0 | D:1      | BlueGoblin the Troll Fighter began the quest for the Orb.
     0 | D:1      | Reached XP level 1. HP: 22/22 MP: 0/0
   152 | D:1      | Reached XP level 2. HP: 29/29 MP: 1/1
   166 | D:1      | Reached skill level 2 in Maces & Flails
   517 | D:1      | Reached XP level 3. HP: 36/36 MP: 2/2
   544 | D:1      | Found Nusopunt's Antique Armour Shoppe.
   876 | D:2      | Found a faded altar of an unknown god.
   909 | D:2      | Prayed at the altar of an unknown god.
   909 | D:2      | Became a worshipper of Jiyva Juafucs the Shapeless
   909 | D:2      | Reached * piety under Jiyva
  1022 | D:2      | Reached ** piety under Jiyva
  1179 | D:2      | Found a bloodstained altar of Trog.
  1567 | D:3      | Reached XP level 4. HP: 44/44 MP: 3/3
  1596 | D:3      | Reached skill level 3 in Maces & Flails
  1817 | D:3      | Identified the +4 helmet "Obyoxoegi" {*Corrode rN+ Str+9}
  1817 | D:3      | Noticed Robin
  1840 | D:3      | Reached XP level 5. HP: 53/53 MP: 4/4
  1858 | D:3      | Killed Robin
  1887 | D:3      | Noticed a sky beast
  1908 | D:3      | Killed a sky beast
  2257 | D:4      | Reached *** piety under Jiyva
  2397 | D:4      | Gained mutation: Your movements are slightly less
                  | encumbered by armour. (ER -2) [Jiyva's grace]
  2397 | D:4      | Gained mutation: Your movements are less encumbered by
                  | armour. (ER -4) [Jiyva's grace]
  2397 | D:4      | Gained mutation: Your movements are significantly less
                  | encumbered by armour. (ER -6) [Jiyva's grace]
  2397 | D:4      | Gained mutation: Your melee attacks may engulf your foes in
                  | ooze. [Jiyva's grace]
  2440 | D:4      | Noticed an ogre
  2445 | D:4      | Killed an ogre
  2446 | D:4      | Reached skill level 4 in Maces & Flails
  2446 | D:4      | Reached XP level 6. HP: 61/61 MP: 5/5
  3031 | D:5      | Entered Level 5 of the Dungeon
  3046 | D:5      | Reached XP level 7. HP: 65/67 MP: 6/6
  3060 | D:5      | You fall into a shaft and drop 3 floors!
  3068 | D:8      | Reached skill level 5 in Maces & Flails
  3102 | D:8      | Reached **** piety under Jiyva
  3288 | D:7      | Noticed a yak
  3289 | D:7      | Noticed a yak
  3290 | D:7      | Noticed a yak
  3291 | D:7      | Noticed a yak
  3318 | D:7      | Killed a yak
  3319 | D:7      | Reached skill level 6 in Maces & Flails
  3319 | D:7      | Reached XP level 8. HP: 72/78 MP: 7/7
  3328 | D:7      | Reached skill level 7 in Maces & Flails
  3368 | D:7      | Found a staircase to the Ecumenical Temple.
  3533 | D:7      | Noticed Pikel
  3542 | D:7      | Killed Pikel
  3543 | D:7      | Reached skill level 5 in Dodging
  3543 | D:7      | Reached XP level 9. HP: 77/87 MP: 8/8
  3782 | D:6      | Reached skill level 5 in Fighting
  3782 | D:6      | Reached skill level 8 in Maces & Flails
  3992 | D:6      | Found Zaecar's Book Emporium.
  4006 | D:6      | Reached ***** piety under Jiyva
  4173 | D:6      | Lost mutation: Your movements are significantly less
                  | encumbered by armour. (ER -6) [Jiyva's grace]
  4173 | D:6      | Gained mutation: You are covered in slimy tendrils that may
                  | disarm your opponents. [Jiyva's grace]
  4173 | D:6      | Gained mutation: Your muscles are strong. (Str +2) [Jiyva's
                  | grace]
  4173 | D:6      | Gained mutation: Your muscles are very strong. (Str +4)
                  | [Jiyva's grace]
  4173 | D:6      | Gained mutation: You are agile. (Dex +2) [Jiyva's grace]
  4629 | D:8      | Found Zelomuso's Antique Armour Boutique.
  4637 | D:8      | Bought a glowing robe for 85 gold pieces
  4743 | D:8      | Noticed Joseph
  4754 | D:8      | Killed Joseph
  4755 | D:8      | Reached skill level 5 in Shields
  4893 | D:8      | Found a staircase to the Lair.
  5438 | Lair:1   | Entered Level 1 of the Lair of Beasts
  5438 | Lair:1   | Noticed a komodo dragon
  5449 | Lair:1   | Killed a komodo dragon
  5450 | Lair:1   | Reached skill level 9 in Maces & Flails
  5485 | Lair:1   | Reached XP level 10. HP: 98/98 MP: 9/9
  5574 | Lair:1   | Reached ****** piety under Jiyva
  5774 | Lair:1   | Reached skill level 10 in Maces & Flails
  5796 | Lair:1   | HP: 5/102 [electric eel/bolt of electricity (11)]
  5796 | Lair:1   | Killed from afar by an electric eel

Illustrated notes

Levels and vault maps discovered:
D:1:      evilmike_arrival_hilbert_curve, layout_basic, serial_shops,
          nicolae_shop_behind_doors, serial_bayou_lagoon_a
D:2:      layout_basic, basic_altar, hellmonk_ecumenical_altar_crossroads,
          minmay_misc_feat_ornament
D:3:      cheibrodos_helix_gallery, layout_loops_ring, uniq_robin
D:4:      minmay_door_path, layout_basic
D:5:      layout_basic, nicolae_ossuary_entry_false_entrances
D:6:      layout_loops_ring, serial_shops, kennysheep_little_box,
          hellmonk_bongcloud_opening
D:7:      layout_basic, minmay_temple_entry_tees, uniq_pikel
D:8:      layout_layer_cave, lair_entry_dummy, serial_shops, shop, uniq_joseph
Lair:1:   layout_chaotic_city, nicolae_lair_liquid_snakes, grunt_megastairs_5

Skill      XL: |  1  2  3  4  5  6  7  8  9 10 |
---------------+-------------------------------+-----
Maces & Flails | 2 3 4 6 7 9 10 | 10.0
Dodging        | 3 4 5 6 |  6.5
Shields        | 3 4 5 6 |  6.1
Fighting       | 3 4 5 7 |  7.1

Action                   |  1- 3 |  4- 6 |  7- 9 | 10-12 || total
-------------------------+-------+-------+-------+-------++-------
Melee: Flail             |   142 |   132 |   179 |   110 ||   563
  Use: Potion            |       |       |       |     1 ||     1
Armor: Robe              |    60 |    49 |    38 |    35 ||   182
Dodge: Dodged            |    71 |    41 |    79 |    75 ||   266
Block: Kite shield       |    70 |    61 |    80 |    57 ||   268

Table legend: (Time is in decaauts)
 A = Elapsed time spent in this place.
 B = Non-inter-level travel time spent in this place.
 C = Inter-level travel time spent in this place.
 D = Time resting spent in this place.
 E = Time spent auto-exploring this place.
 F = Levels seen in this place.
 G = Mean time per level.
                   A        B        C        D        E       F      G
               +--------+--------+--------+--------+--------+-----+--------+
         Total |   5971 |   5686 |    285 |     23 |   4361 |   9 |  663.4 |
       Dungeon |   5608 |   5323 |    285 |      0 |   4244 |   8 |  701.0 |
          Lair |    362 |    362 |      0 |     23 |    117 |   1 |  362.0 |
               +--------+--------+--------+--------+--------+-----+--------+

Top non-repeatable levels by time:
     D:8: 1131 daAuts
     D:1: 930 daAuts
     D:4: 796 daAuts
     D:3: 768 daAuts
     D:6: 672 daAuts
     D:2: 667 daAuts
     D:7: 608 daAuts
  Lair:1: 362 daAuts
     D:5: 33 daAuts
